 Dungeon Crawl Stone Soup version 0.31.0-11-ge490571c62 (console) character file.

Game seed: 10782353115192627227

14606 jejorda2 the Mimic (level 11, -5/97 HPs)
             Began as a Purple Draconian Berserker on Feb 4, 2024.
             Was an Elder of Trog.
             Slain by a torpor snail (16 damage)
             ... on level 1 of the Lair of Beasts on Feb 5, 2024.
             The game lasted 00:24:48 (8905 turns).

jejorda2 the Mimic (Purple Draconian Berserker)     Turns: 8905, Time: 00:24:48

Health: -5/97      AC: 11    Str: 24    XL:     11   Next: 90%
Magic:  0/11       EV: 12    Int:  8    God:    Trog [****..]
Gold:   527        SH:  0    Dex: 10    Spells: 10/10 levels left

rFire   . .          .
                       - Unarmed
rCold   . . .        (no shield)
rNeg    . . .        (body armour unavailable)
rPois   .            (helmet currently unavailable)
rElec   .            (cloak currently unavailable)
rCorr   .            (gloves currently unavailable)
SInv    .            (boots currently unavailable)
Will    +++..        h - amulet of guardian spirit
Stlth   +            s - +4 ring of protection
HPRegen 1.36/turn    j - +4 ring of slaying
MPRegen 0.12/turn

%: guardian spirit
@: brilliant, short of breath, beast-form, strong-willed, on berserk cooldown,
regenerating, slowed, very slow
A: beast (slay +4), breathe power, AC +7, unfitting armour, cold-blooded
a: Breathe Dispelling Energy, Begin Untransformation, Renounce Religion,
Berserk, Trog's Hand, Brothers in Arms


You were on level 1 of the Lair of Beasts.
You worshipped Trog.
Trog was greatly pleased with you.
You were a hulking beast.
You visited 2 branches of the dungeon, and saw 10 of its levels.
You also visited: Bailey.

You collected 728 gold pieces.
You spent 201 gold pieces at shops.

Inventory:

Missiles
 f - 5 silver javelins
 l - 102 poisoned darts
 u - 6 atropa-tipped darts
 B - 4 datura-tipped darts
 C - 19 curare-tipped darts
 D - a throwing net
 F - 9 boomerangs
 G - 6 javelins
Armour
 a - a +1 hat of stealth
 g - a +0 pair of gloves
Jewellery
 b - the ring of Xom's Entertainment {rElec rC+ EV+5 Dex+3}
   (You acquired it on level 7 of the Dungeon)

   [ring of evasion]

   EV+5:      It affects your evasion (+5).
   Dex+3:     It affects your dexterity (+3).
   rC+:       It protects you from cold.
   rElec:     It insulates you from electricity.
 h - an amulet of guardian spirit (around neck)
 i - a ring of resist corrosion
 j - a +4 ring of slaying (right hand)
 s - a +4 ring of protection (left hand)
 E - a ring of willpower
Talismans
 d - a beast talisman (active)
Wands
 k - a wand of flame (16)
 m - a wand of polymorph (5)
 q - a wand of light (2)
 v - a wand of mindburst (7)
 z - a wand of paralysis (5)
 L - a wand of digging (7)
Scrolls
 c - 9 scrolls of teleportation
 r - a scroll of fog
 w - a scroll of immolation
 A - a scroll of poison
Potions
 n - 2 potions of curing
 o - a potion of attraction
 p - 4 potions of lignification
 t - a potion of invisibility
 H - a potion of enlightenment {unknown}
 K - a potion of heal wounds
Miscellaneous
 e - a lightning rod (4/4)


   Skills:
 - Level 9.0 Fighting
 - Level 2.6 Dodging
 + Level 9.5 Unarmed Combat
 - Level 6.0 Evocations
 + Level 13.2 Shapeshifting


You had 10 spell levels left.
You didn't know any spells.
Your spell library was empty.

Dungeon Overview and Level Annotations

Branches:
Dungeon (9/15)             Temple (0/1) D:7            Lair (1/5) D:8
    Orc (0/2) D:9          Bailey (visited)

Altars:
Gozag
Kikubaaqudgha
Okawaru

Shops:
D:9 ?


Innate Abilities, Weirdness & Mutations

You are a hulking beast.
Your limbs bulge with bestial killing power. (Slay +4)
You can breathe bolts of dispelling energy.
Your rich purple scales are hard. (AC +7)
You cannot fit into any form of body armour.
You are cold-blooded and may be slowed by cold attacks.


Message History

The yak gores you but does no damage.
You pummel the yak!!
The yak is heavily wounded.
The yak closely misses you.
You punch the yak! You punch the yak.
You kill the yak!
Trog accepts your kill.
You closely miss the basilisk.
The basilisk hisses menacingly.
The basilisk bites you!
* * * LOW HITPOINT WARNING * * *
The basilisk gazes at you. You resist with almost no effort.
You punch the basilisk!
The basilisk is heavily wounded.
The basilisk hisses menacingly.
The basilisk gazes at you. You resist with almost no effort.
You punch the basilisk! You tail-slap the basilisk.
The basilisk is almost dead.
The basilisk bites you!
* * * LOW HITPOINT WARNING * * *
You hit the basilisk.
You kill the basilisk!
Trog accepts your kill.
You punch the steam dragon! Your punch misses the steam dragon.
The steam dragon is heavily wounded.
The steam dragon bites you.
* * * LOW HITPOINT WARNING * * *
The steam dragon claws you.
* * * LOW HITPOINT WARNING * * *
You punch the torpor snail!
The torpor snail is lightly wounded.
Your skin crawls.
You feel strong-willed.
The torpor snail bites you but does no damage.
You hit the torpor snail. You tail-slap the torpor snail.
The torpor snail is moderately wounded.
The torpor snail bites you!!
You die...

## #####..##..
#Dwh.......
#######Y###.###.#
........# #
.....#......#
..=......P.....
.........####..
######.... ....S.
../.r.


You could see a torpor snail, a yak and a steam dragon.

Vanquished Creatures
  Gastronok (D:8)
  A two-headed ogre (D:9)
  Erica (D:9)
  An elephant (D:8)
  A cane toad (Lair:1)
  2 unseen horror zombies (D:9)
  Maggie (D:9)
  A hornet (D:9)
  2 raiju (D:9)
  Sigmund (D:2)
  A human (D:9)
  16 yaks
  3 wyverns
  2 wargs (D:9)
  2 basilisks
  2 steam dragons (D:7)
  3 water moccasins
  5 orc warriors
  A sky beast (D:7)
  2 ice beasts (D:6)
  3 black bears
  An ogre (D:6)
  A centaur (D:7)
  2 phantoms
  24 kobold brigands
  3 bullfrogs
  3 gnoll sergeants
  4 scorpions
  2 wights (D:9)
  7 killer bees
  2 bombardier beetles
  6 howler monkeys
  5 electric eels (D:9)
  3 centaur zombies (D:9)
  5 hounds
  A gnoll bouda (D:8)
  6 orc priests
  A human zombie (D:9)
  A sleepcap (D:7)
  Ijyb (D:2)
  5 iguanas
  10 orc wizards
  4 hell rats (Lair:1)
  2 killer bee zombies (D:9)
  2 howler monkey zombies (D:9)
  17 gnolls
  10 adders
  4 white imps
  5 ufetubi
  7 dart slugs
  A ribbon worm (D:2)
  40 orcs
  7 endoplasms
  5 giant cockroaches
  14 goblins
  4 hobgoblins
  5 quokkas
  10 ball pythons
  5 bats
  6 frilled lizards
  31 kobolds
  7 rats
331 creatures vanquished.

Vanquished Creatures (collateral kills)
  A kobold demonologist (D:8)
  3 kobolds (D:8)
4 creatures vanquished.

Vanquished Creatures (others)
  An orc wizard (D:9)
  An ufetubus (D:7)
  2 orcs (D:7)
4 creatures vanquished.

Grand Total: 339 creatures vanquished

Notes
Turn   | Place    | Note
-------+----------+-------------------------------------------
     0 | D:1      | jejorda2 the Draconian Berserker began the quest for the
                  | Orb.
     0 | D:1      | Reached XP level 1. HP: 19/19 MP: 1/1
    27 | D:1      | Reached skill level 1 in Shapeshifting
    90 | D:1      | Reached XP level 2. HP: 25/26 MP: 2/2
   313 | D:1      | Reached XP level 3. HP: 31/31 MP: 3/3
   324 | D:1      | Reached ** piety under Trog
   325 | D:1      | Reached skill level 2 in Shapeshifting
   823 | D:2      | Noticed Ijyb
   839 | D:2      | Killed Ijyb
   840 | D:2      | Reached XP level 4. HP: 22/38 MP: 4/4
   918 | D:2      | Reached skill level 3 in Shapeshifting
  1145 | D:2      | Noticed Sigmund
  1151 | D:2      | Killed Sigmund
  1152 | D:2      | Reached skill level 4 in Shapeshifting
  1152 | D:2      | Reached XP level 5. HP: 45/45 MP: 5/5
  1152 | D:2      | Reached XP level 6. HP: 51/51 MP: 6/6
  1507 | D:3      | Reached *** piety under Trog
  2019 | D:4      | Reached skill level 5 in Unarmed Combat
  2019 | D:4      | Reached skill level 5 in Shapeshifting
  2499 | D:4      | Your scales start taking on a rich purple colour.
  2499 | D:4      | Reached XP level 7. HP: 57/57 MP: 7/7
  2595 | D:5      | Entered Level 5 of the Dungeon
  2595 | D:5      | Found an iron altar of Okawaru.
  3024 | D:5      | Reached skill level 6 in Shapeshifting
  3433 | D:6      | Reached XP level 8. HP: 63/63 MP: 8/8
  3721 | D:6      | Reached skill level 7 in Shapeshifting
  3857 | D:6      | Found an opulent altar of Gozag.
  3899 | D:6      | Reached **** piety under Trog
  4642 | D:7      | Reached skill level 8 in Shapeshifting
  4791 | D:7      | Reached skill level 1 in Evocations
  4844 | D:7      | Reached XP level 9. HP: 44/71 MP: 5/9
  4984 | D:7      | Reached skill level 9 in Shapeshifting
  5307 | D:7      | Reached skill level 5 in Fighting
  5663 | D:7      | Found a staircase to the Ecumenical Temple.
  5803 | D:8      | Noticed an elephant
  5818 | D:8      | Killed an elephant
  5892 | D:8      | Reached skill level 10 in Shapeshifting
  5906 | D:8      | Found a staircase to the Lair.
  6026 | D:8      | Noticed Gastronok
  6043 | D:8      | Killed Gastronok
  6044 | D:8      | Reached skill level 5 in Evocations
  6044 | D:8      | Reached XP level 10. HP: 83/83 MP: 6/10
  6060 | D:7      | Identified a scroll of acquirement
  6060 | D:7      | Acquired the ring of Xom's Entertainment {rElec rC+ EV+5
                  | Dex+3}
  6416 | D:8      | Reached skill level 11 in Shapeshifting
  6444 | D:8      | HP: 4/83 [kobold/+3 whip (4)]
  6993 | D:9      | Reached skill level 12 in Shapeshifting
  7053 | D:9      | Noticed Erica
  7058 | D:9      | Killed Erica
  7096 | D:9      | Found Geroin's Magic Scroll Shoppe.
  7104 | D:9      | Bought a scroll of immolation for 52 gold pieces
  7104 | D:9      | Bought a scroll of revelation for 97 gold pieces
  7104 | D:9      | Bought a scroll of poison for 52 gold pieces
  7121 | D:9      | Found a flagged portal.
  7130 | Bailey   | Entered a bailey
  7170 | Bailey   | Reached XP level 11. HP: 85/91 MP: 8/11
  7485 | Bailey   | Found a bloodstained altar of Trog.
  7491 | Bailey   | Identified the +0 pair of gloves of Retwuod {Dex+4}
  7551 | D:9      | Noticed a two-headed ogre
  7555 | D:9      | Killed a two-headed ogre
  7896 | D:9      | Found a staircase to the Orcish Mines.
  7949 | D:9      | Noticed Maggie
  7976 | D:9      | Killed Maggie
  8198 | D:9      | Reached skill level 13 in Shapeshifting
  8204 | D:9      | Found an ancient bone altar of Kikubaaqudgha.
  8521 | Lair:1   | Entered Level 1 of the Lair of Beasts
  8893 | Lair:1   | HP: 4/97 [yak[a torpor snail] (3)]
  8905 | Lair:1   | Slain by a torpor snail

Illustrated notes

Levels and vault maps discovered:
D:1:      minmay_arrival_glassed_features, layout_rooms, minmay_quantized
D:2:      kennysheep_the_goblin_king, layout_rooms, grunt_ministairs_14,
          uniq_sigmund
D:3:      layout_basic, kennysheep_generic_room_5
D:4:      layout_loops_ring, chequers_decorated_corner, hex_large,
          hangedman_decor_lopped
D:5:      layout_basic, okawaru_metal_pillars_1_2, kennysheep_decorative_pillar,
          minmay_misc_feat_plants
D:6:      layout_layer_cave, nicolae_gozag_seed_capital
D:7:      layout_cave_pools, lemuel_temple_firewalk_b, minmay_fractal_squares_5
D:8:      layout_gridville, david_lair_generic, special_room
          [special_room_kobold], uniq_gastronok
D:9:      layout_roguey, lemuel_mausoleum_altar_kikubaaqudgha, erik_orc_4,
          serial_shops, shop, enter_bailey_2,
          serial_library_hellmonk_double_dead_end, nicolae_have_a_lightning_rod,
          uniq_maggie, uniq_erica
Lair:1:   layout_misc_corridors, serial_bayou_shore_a, grunt_megastairs_3,
          uniq_sonja

Skill      XL: |  1  2  3  4  5  6  7  8  9 10 11 |
---------------+----------------------------------+-----
Shapeshifting  | 1 2 4 5 6 8 10 12 13 | 13.2
Unarmed Combat | 4 5 6 7 9 |  9.5
Evocations     | 1 5 6 |  6.0
Fighting       | 4 6 9 |  9.0
Dodging        | |  2.6

Action                     |  1- 3 |  4- 6 |  7- 9 | 10-12 || total
---------------------------+-------+-------+-------+-------++-------
  Melee: Unarmed           |   118 |    85 |   260 |   362 ||   825
         Tailslap          |    16 |    15 |    36 |    56 ||   123
         Punch             |     3 |     3 |     5 |    17 ||    28
  Throw: Javelin           |       |       |     2 |       ||     2
         Dart              |       |       |     1 |       ||     1
 Invoke: Berserk           |     1 |       |     5 |    10 ||    16
         Trog's Hand       |       |     1 |     5 |    15 ||    21
         Brothers in Arms  |       |       |       |     1 ||     1
Ability: Breathe Dispellin |       |       |     8 |     7 ||    15
  Evoke: Wand              |       |       |       |     5 ||     5
         Lightning rod     |       |       |       |     4 ||     4
    Use: Scroll            |       |       |     7 |    13 ||    20
         Potion            |       |       |       |     3 ||     3
   Stab: Sleeping          |     2 |     3 |       |     1 ||     6
 Armour: Skin              |    63 |    33 |   196 |   293 ||   585
  Dodge: Dodged            |    79 |    41 |   152 |   290 ||   562
   Form: Beast             |     1 |       |       |       ||     1
